 Dungeon Crawl Stone Soup version 0.31-a0-196-g86fe4a5e66 (webtiles) character file.

Game seed: 14696526054835948347

23 qw the Shooter (level 2, -1/16 HPs)
             Began as a Deep Elf Hunter on June 24, 2023.
             Succumbed to their own poison gas
             ... on level 1 of the Dungeon.
             The game lasted 00:00:17 (970 turns).

qw the Shooter (Deep Elf Hunter)                     Turns: 970, Time: 00:00:18

Health: -1/16      AC:  3    Str:  8    XL:     2   Next: 75%
Magic:  4/4        EV: 12    Int: 13    God:
Gold:   68         SH:  0    Dex: 18    Spells: 1/1 levels left

rFire   . . .        Y - +0 shortbow
rCold   . . .        (shield currently unavailable)
rNeg    . . .        c - +0 leather armour
rPois   .            (no helmet)
rElec   .            (no cloak)
rCorr   .            (no gloves)
SInv    .            (no boots)
Will    .....        (no amulet)
Stlth   ++           (no ring)
HPRegen 0.22/turn    (no ring)
MPRegen 0.09/turn

%: no passive effects
@: lethally poisoned (-1 -> -13), weak-willed
A: no striking features
a: no special abilities


You were on level 1 of the Dungeon.
You visited 1 branch of the dungeon, and saw 1 of its levels.

You collected 68 gold pieces.


   Skills:
 - Level 1.5 Fighting
 + Level 6.5 Ranged Weapons
 - Level 2.4 Dodging
 - Level 1.2 Stealth


You had one spell level left.
You didn't know any spells.
Your spell library was empty.

Inventory:

Hand Weapons
 Y - a +0 shortbow (weapon)
Armour
 c - a +0 leather armour (worn)
Scrolls
 a - a scroll of identify
Potions
 d - a potion of curing {unknown}

Dungeon Overview and Level Annotations

Branches:
Dungeon (1/15)

Altars:


Message History

Blink to where?
Press: ? - help, Dir - move target, f - you Are you sure you want to cancel this blink?
As you read the scroll labelled IMEBOG ISMI, it crumbles to dust.
It was a scroll of blinking.
Done exploring.
966 ||| DROPPING scroll of butterflies.
You drop a scroll of butterflies.
Done exploring.
967 ||| DROPPING scroll of vulnerability.
You drop a scroll of vulnerability.
Done exploring.
(D) Dungeon
Where to? (* - list waypoints, ? - help)
What level of the Dungeon? (default 1, ? - help) Sorry, I don't know how to get there.
Enter note:
Enter note:
Enter note:
Enter note:
Enter note:
Enter note:
Enter note:
Enter note:
Enter note:
Enter note:
Enter note:
Enter note:
Enter note:
Enter note:
Enter note: Really walk into that cloud of poison gas?
You are engulfed in poison gas.
You are lethally poisoned!
You feel very sick.
969 ||| Stepping ~*~*~tactically~*~*~ (cloud).
You feel very sick.
Things that are here:
a scroll of vulnerability; a scroll of butterflies
There is a lethal amount of poison in your body!
You die...

#.#############.# #.# #.#
###############.# #.####.#
#...............# #......#
#.############### ########
#.# #¤¤...# #.# #¤###.#
#%# #¤# #.# #.#
#0###¤############
#.#######@¤¤0¤¤0..........
#.¤¤0¤00¤¤¤¤¤0############
#############¤# #.# ###


There were no monsters in sight!

Vanquished Creatures
  A bat (D:1)
  2 endoplasms (D:1)
  2 giant cockroaches (D:1)
  2 goblins (D:1)
  3 hobgoblins (D:1)
  A quokka (D:1)
  3 ball pythons (D:1)
  2 frilled lizards (D:1)
  3 kobolds (D:1)
  2 rats (D:1)
21 creatures vanquished.

Notes
Turn   | Place    | Note
-------+----------+-------------------------------------------
     0 | D:1      | qw the Deep Elf Hunter began the quest for the Orb.
     0 | D:1      | Reached XP level 1. HP: 12/12 MP: 3/3
     0 | D:1      | 0 ||| qw: Version: 0.3-a-9-g12657ce
     0 | D:1      | 0 ||| qw: Game counter: 4810
     0 | D:1      | 0 ||| qw: Always use a shield: true
     0 | D:1      | 0 ||| qw: God list: Okawaru
     0 | D:1      | 0 ||| qw: Allow faded altars: false
     0 | D:1      | 0 ||| qw: Do Orc after D:15 true
     0 | D:1      | 0 ||| qw: Do second Lair branch before Depths: true
     0 | D:1      | 0 ||| qw: Lair rune preference: random
     0 | D:1      | 0 ||| qw: Plans: Normal
     0 | D:1      | 0 ||| PLANNING D:1-11
   171 | D:1      | Reached XP level 2. HP: 16/16 MP: 4/4
   211 | D:1      | Reached skill level 6 in Ranged Weapons
   956 | D:1      | 956 ||| READING 2 scrolls labelled CUTSIE IBUARR.
   957 | D:1      | 957 ||| READING scroll labelled FAEZYO SOSYI.
   961 | D:1      | 961 ||| READING 2 scrolls labelled BALLIA VUKU.
   962 | D:1      | 962 ||| READING scroll labelled ATOGAQ NIRUSY.
   963 | D:1      | 963 ||| READING scroll labelled FUCROO FERUUPH.
   964 | D:1      | 964 ||| READING scroll labelled BUTEMI LOVEKUGO.
   965 | D:1      | 965 ||| READING scroll labelled IMEBOG ISMI.
   966 | D:1      | 966 ||| DROPPING scroll of butterflies.
   967 | D:1      | 967 ||| DROPPING scroll of vulnerability.
   969 | D:1      | 969 ||| Stepping ~*~*~tactically~*~*~ (cloud).
   969 | D:1      | HP: 2/16 [poisoned by you (poison gas)]
   970 | D:1      | Succumbed to their own poison gas

Levels and vault maps discovered:
D:1:      giann_forest_graveyard, layout_basic

Skill      XL: |  1  2 |
---------------+-------+-----
Ranged Weapons | 6 |  6.5
Fighting       | |  1.5
Dodging        | |  2.4
Stealth        | |  1.2

Action                     || total
---------------------------++-------
   Fire: Shortbow          ||    57
    Use: Scroll            ||     7
 Armour: Leather armour    ||     4
  Dodge: Dodged            ||     7

Table legend:
 A = Non-vault XP
 B = Vault XP
 C = Vault XP percentage of total XP
 D = Non-vault monster count
 E = Vault monster count
 F = Vault count percentage of total count
                 A         B        C        D         E       F
            +---------+---------+-------+---------+---------+-------
      Total |      34 |       0 |   0.0 |      21 |       0 |   0.0
            +---------+---------+-------+---------+---------+-------
        D:1 |      34 |       0 |   0.0 |      21 |       0 |   0.0
            +---------+---------+-------+---------+---------+-------
